AoeStats
← Python 1.4.21

Black Forest

507727433Analyzed
4v4 RM · 14d ago on Sep 19, 2026· 16m 43s· 8 players
Game mode
Random Map
Map size
Large (8 player)
Population
200
Speed
Normal
Resources
Standard
Victory
Conquest
Starting age
Dark Age
Ending age
Imperial Age
RankedLock teamsTeams togetherTeam positionsShared explorationLock speedFull tech treeHidden civsTurbo modeCheats
Victory
Defeat
🇹🇼 Bengalis · Taiwan
1733
+10
🇹🇼 Koreans · Taiwan
1701
+11
🇹🇼 Huns · Taiwan
1637
+13
🇹🇼 Armenians · Taiwan
1493
+19
1764
-21
🇷🇴 Georgians · Romania
1632
-15
🇷🇴 Mongols · Romania
1478
-9
🇬🇧 Aztecs · United Kingdom
1432
-8
CTM | חב"ד ליובאוויט
7:08 Loom
11:48 Feudal Age
12:44 Double-Bit Axe
Mihail
0:42 Loom
14:01 Feudal Age
15:47 Double-Bit Axe
18:07 Castle Age
15:58 Horse Collar
[LW] Awake
1:01 Loom
11:58 Feudal Age
14:46 Fletching
Hartung
12:25 Feudal Age
13:15 Loom
liang0312
7:03 Loom
9:22 Feudal Age
11:19 Arson
12:18 Man-at-Arms
13:44 Fletching
16:13 Wheelbarrow
TATTOO
6:29 Loom
9:15 Feudal Age
10:22 Double-Bit Axe
10:24 Horse Collar
星空夜羽
0:44 Loom
12:45 Feudal Age
16:29 Castle Age
14:41 Horse Collar
15:09 Double-Bit Axe
Python 1.4.21
3:17 Loom
12:03 Feudal Age
15:54 Castle Age
14:35 Double-Bit Axe
14:32 Horse Collar
16:00 Wheelbarrow
16:57 Bow Saw
16:50 Fishing Lines
Connection lost

Rejoining the realm…

Still unreachable

The connection could not be restored.

Session expired

The server has moved on; the page needs a fresh start.